AoeStats
← jantotu

Arabia

509933897Analyzed
1v1 RM · 4d ago on Sep 28, 2026· 31m 26s· 2 players
Game mode
Random Map
Map size
Tiny (2 player)
Population
200
Speed
Normal
Resources
Standard
Victory
Conquest
Starting age
Dark Age
Ending age
Imperial Age
RankedLock teamsTeams togetherTeam positionsShared explorationLock speedFull tech treeHidden civsTurbo modeCheats
Victory
Defeat
🇲🇽 Danes · Mexico
1304
+15
🇨🇭 Bohemians · Switzerland
1289
-15
jantotu
7:56 Loom
10:20 Feudal Age
10:56 Double-Bit Axe
19:01 Fletching
19:12 Padded Archer Armor
27:42 Castle Age
27:52 Crossbowman
El Mulo
6:28 Loom
9:28 Feudal Age
9:37 Man-at-Arms
11:17 Double-Bit Axe
17:26 Arson
19:15 Horse Collar
19:54 Scale Mail Armor
23:46 Castle Age
23:49 Elite Skirmisher
24:33 Squires
24:52 Chain Mail Armor
24:30 Fletching
24:15 Long Swordsman
28:50 Padded Archer Armor
28:45 Bodkin Arrow
29:43 Thumb Ring
31:17 Gambesons
Connection lost

Rejoining the realm…

Still unreachable

The connection could not be restored.

Session expired

The server has moved on; the page needs a fresh start.